 Dungeon Crawl Stone Soup version 0.29-a0-419-g77450f2105 (webtiles) character file.

Game seed: 9333780641696868903

511 Goodini51 the Chopper (level 7, 0/60 HPs)
             Began as a Gnoll Cinder Acolyte on May 18, 2022.
             Was a High Priest of Ignis.
             Shot with an arrow by a centaur (6 damage)
             ... on level 6 of the Dungeon.
             The game lasted 00:22:52 (4537 turns).

Goodini51 the Chopper (Gnoll Cinder Acolyte)        Turns: 4537, Time: 00:22:52

Health: 0/60       AC:  2    Str: 13    XL:     7   Next: 19%
Magic:  0/12       EV: 12    Int: 16    God:    Ignis [*****.]
Gold:   186        SH:  5    Dex:  7    Spells: 11/13 levels left

rFire   + . .      SeeInvis .   C - staff of air
rCold   . . .      Faith    .   (no shield)
rNeg    . . .      Spirit   .   b - +0 robe
rPois   .          Reflect  +   (no helmet)
rElec   +          Harm     .   (no cloak)
rCorr   .          Rampage  .   (no gloves)
Will    .....                   (no boots)
Stlth   ++........              l - amulet of reflection
HPRegen 0.20/turn               (no ring)
MPRegen 0.13/turn               (no ring)

@: no status effects
A: fangs 1, strong nose, distributed training
a: Renounce Religion, Fiery Armour, Foxfire Swarm, Rising Flame


You were on level 6 of the Dungeon.
You worshipped Ignis.
Ignis was extremely pleased with you.
You visited 1 branch of the dungeon, and saw 6 of its levels.

You collected 186 gold pieces.

Inventory:

Hand Weapons
 a - a -1 hand axe of flaming
 c - a +0 trident
 e - a +1 whip of holy wrath
 h - a +0 short sword of flaming
 j - a +3 dagger
Missiles
 n - 5 curare-tipped darts (quivered)
Armour
 b - a +0 robe (worn)
Magical Staves
 C - a staff of air (weapon)
Jewellery
 l - an amulet of reflection (around neck)
Scrolls
 f - 3 scrolls of identify
 k - 2 scrolls of noise
 o - 3 scrolls of vulnerability {unknown}
 r - 2 scrolls of teleportation {unknown}
 s - 2 scrolls of amnesia {unknown}
 t - 3 scrolls of fog {unknown}
 u - a scroll of acquirement {unknown}
 v - a scroll of immolation {unknown}
 y - a scroll of poison {unknown}
 B - a scroll of blinking {unknown}
Potions
 d - 3 potions of heal wounds {unknown}
 g - 5 potions of curing {unknown}
 i - a potion of brilliance {unknown}
 m - a potion of cancellation {unknown}
 p - a potion of degeneration {unknown}
 q - 2 potions of invisibility {unknown}
 w - a potion of flight {unknown}
 x - 2 potions of might {unknown}
 z - a potion of attraction {unknown}
 A - a potion of haste {unknown}


   Skills:
 + Level 7.0 Fighting
 + Level 2.3 Short Blades
 + Level 2.3 Long Blades
 + Level 7.0 Axes
 + Level 2.3 Maces & Flails
 + Level 2.3 Polearms
 + Level 2.3 Staves
 + Level 2.3 Slings
 + Level 2.3 Bows
 + Level 2.3 Crossbows
 + Level 2.3 Throwing
 + Level 2.3 Armour
 + Level 2.3 Dodging
 + Level 2.3 Stealth
 + Level 2.3 Shields
 + Level 2.3 Unarmed Combat
 + Level 3.7 Spellcasting
 + Level 1.9 Conjurations
 + Level 1.9 Hexes
 + Level 1.9 Summonings
 + Level 1.9 Necromancy
 + Level 1.9 Translocations
 + Level 1.9 Transmutations
 + Level 5.8 Fire Magic
 + Level 1.9 Ice Magic
 + Level 1.9 Air Magic
 + Level 1.9 Earth Magic
 + Level 1.9 Poison Magic
 + Level 2.5 Invocations
 + Level 2.3 Evocations


You had 11 spell levels left.
You knew the following spells:

 Your Spells              Type           Power      Damage    Failure   Level
a - Scorch                Fire           42%        2d7       2%          2

Your spell library contained the following spells:

 Spells                   Type           Power      Damage    Failure   Level
 Shock                    Conj/Air       52%        1d6       8%          1
 Ignite Poison            Fire/Tmut/Pois 13%        N/A       14%         3
 Lesser Beckoning         Tloc           9%         N/A       24%         3
 Swiftness                Air            13%        N/A       24%         3
 Airstrike                Air            6%         N/A       61%         4
 Olgreb's Toxic Radiance  Pois           9%         N/A       61%         4
 Passage of Golubria      Tloc           9%         N/A       61%         4


Dungeon Overview and Level Annotations

Branches:
Dungeon (6/15)
 Temple: D:4-7

Altars:
Kikubaaqudgha
Qazlal

Annotations:
D:2 Sigmund


Innate Abilities, Weirdness & Mutations

You have very sharp teeth.
Your uncanny sense of smell can sniff out nearby items.
Your experience applies equally to all skills.


Message History

There is a stone staircase leading down here.
The gnoll barely misses you.
You climb downwards.
Found a hand axe.
Found a stone staircase leading up.
There is a stone staircase leading up here.
Casting: Scorch (safe; 2% risk of failure)
Confirm with . or Enter, or press ? or * to list all spells.
Flames lash the gnoll.
The gnoll is heavily wounded.
The gnoll's fire resistance burns away.
The gnoll hits you with a +0 flail.
You hit the gnoll.
The gnoll is severely wounded.
The gnoll barely misses you.
You hit the gnoll.
The gnoll is electrocuted.
The gnoll is almost dead.
You block the gnoll's attack.
You barely miss the gnoll.
The gnoll is almost dead.
The gnoll hits you with a +0 flail! The gnoll hits you with a +0 flail.
* * * LOW HITPOINT WARNING * * *
You hit the gnoll but do no damage.
The gnoll is almost dead.
The gnoll is no longer more vulnerable to fire.
The gnoll misses you.
You closely miss the gnoll.
The gnoll is almost dead.
The gnoll hits you with a +0 flail!
* * * LOW HITPOINT WARNING * * *
The gnoll attacks as you move away! You block the gnoll's attack.
A boulder beetle comes into view.
Casting: Scorch (safe; 2% risk of failure)
Confirm with . or Enter, or press ? or * to list all spells.
Flames lash the gnoll.
You kill the gnoll!
You hear a shout!
A centaur comes into view.
The boulder beetle curls into a ball and begins rolling!
The centaur wields a +0 shortbow.
The centaur shoots an arrow.
The arrow hits you.
You die...

.........
....#...#######
.......<.......
..#.......##...
#.......+
##......#
#......#
#...)..#
#...@..#
...........#
...........#
...........#
...........#
...........#
......B....#
.......c...#


You could see a boulder beetle (rolling) and a centaur.

Vanquished Creatures
  An ogre (D:4)
  A necrophage (D:5)
  A scorpion (D:5)
  A hound (D:4)
  2 gnoll shamans (D:5)
  An orc wizard (D:4)
  An iguana (D:5)
  3 adders
  5 gnolls
  3 worms
  2 dart slugs (D:4)
  11 orcs
  8 ball pythons
  6 endoplasms
  2 giant cockroaches (D:1)
  9 goblins
  6 hobgoblins
  2 jackals (D:3)
  11 kobolds
  4 quokkas
  4 bats
  A frilled lizard (D:1)
  4 rats
89 creatures vanquished.

Notes
Turn   | Place    | Note
-------+----------+-------------------------------------------
     0 | D:1      | Goodini51 the Gnoll Cinder Acolyte began the quest for the
                  | Orb.
     0 | D:1      | Reached XP level 1. HP: 23/23 MP: 4/4
    33 | D:1      | Found a faded altar of an unknown god.
   289 | D:1      | Reached XP level 2. HP: 29/29 MP: 5/5
   533 | D:1      | Learned a level 2 spell: Scorch
   845 | D:1      | Reached XP level 3. HP: 35/35 MP: 7/7
  1048 | D:2      | Found an ancient bone altar of Kikubaaqudgha.
  1188 | D:2      | Noticed Sigmund
  1198 | D:2      | Reached skill level 1 in Invocations
  1380 | D:3      | Reached skill level 1 in Short Blades
  1380 | D:3      | Reached skill level 1 in Long Blades
  1380 | D:3      | Reached skill level 1 in Maces & Flails
  1380 | D:3      | Reached skill level 1 in Polearms
  1380 | D:3      | Reached skill level 1 in Staves
  1380 | D:3      | Reached skill level 1 in Slings
  1380 | D:3      | Reached skill level 1 in Bows
  1380 | D:3      | Reached skill level 1 in Crossbows
  1380 | D:3      | Reached skill level 1 in Throwing
  1380 | D:3      | Reached skill level 1 in Armour
  1380 | D:3      | Reached skill level 1 in Dodging
  1380 | D:3      | Reached skill level 1 in Stealth
  1380 | D:3      | Reached skill level 1 in Shields
  1380 | D:3      | Reached skill level 1 in Unarmed Combat
  1380 | D:3      | Reached skill level 1 in Evocations
  1562 | D:3      | Reached XP level 4. HP: 41/41 MP: 2/8
  2133 | D:3      | Got the Disquisition on Dislocation and Contamination
  2485 | D:4      | Reached skill level 1 in Conjurations
  2485 | D:4      | Reached skill level 1 in Hexes
  2485 | D:4      | Reached skill level 1 in Summonings
  2485 | D:4      | Reached skill level 1 in Necromancy
  2485 | D:4      | Reached skill level 1 in Translocations
  2485 | D:4      | Reached skill level 1 in Transmutations
  2485 | D:4      | Reached skill level 1 in Ice Magic
  2485 | D:4      | Reached skill level 1 in Air Magic
  2485 | D:4      | Reached skill level 1 in Earth Magic
  2485 | D:4      | Reached skill level 1 in Poison Magic
  2500 | D:4      | Reached XP level 5. HP: 12/47 MP: 1/9
  2731 | D:4      | Noticed an ogre
  3012 | D:4      | Killed an ogre
  3151 | D:4      | Reached XP level 6. HP: 48/53 MP: 3/11
  3464 | D:4      | Found an ancient bone altar of Kikubaaqudgha.
  3464 | D:4      | Found a stormy altar of Qazlal.
  3526 | D:5      | Entered Level 5 of the Dungeon
  4309 | D:5      | Reached XP level 7. HP: 59/59 MP: 5/12
  4536 | D:6      | Noticed a boulder beetle
  4537 | D:6      | Shot with an arrow by a centaur

Illustrated notes

Levels and vault maps discovered:
D:1:      onia_arrival_pyramid, layout_basic, basic_ecumenical_altar,
          st_stairs_14
D:2:      layout_rooms, basic_altar, grunt_decor_one_mirror, uniq_sigmund
D:3:      layout_basic, guppyfry_early_orc_mine
D:4:      layout_rooms, gammafunk_temple_overflow_pools
D:5:      layout_basic, overflow_temple_1_default, grunt_tough_drop
D:6:      layout_basic, uniq_maggie, uniq_prince_ribbit1, uniq_blork_the_orc,
          uniq_edmund

Skill      XL: |  1  2  3  4  5  6  7 |
---------------+----------------------+-----
Invocations    | 1 2 |  2.5
Short Blades   | 1 2 |  2.3
Long Blades    | 1 2 |  2.3
Maces & Flails | 1 2 |  2.3
Polearms       | 1 2 |  2.3
Staves         | 1 2 |  2.3
Slings         | 1 2 |  2.3
Bows           | 1 2 |  2.3
Crossbows      | 1 2 |  2.3
Throwing       | 1 2 |  2.3
Armour         | 1 2 |  2.3
Dodging        | 1 2 |  2.3
Stealth        | 1 2 |  2.3
Shields        | 1 2 |  2.3
Unarmed Combat | 1 2 |  2.3
Evocations     | 1 2 |  2.3
Spellcasting   | 3 |  3.7
Conjurations   | 1 |  1.9
Hexes          | 1 |  1.9
Summonings     | 1 |  1.9
Necromancy     | 1 |  1.9
Translocations | 1 |  1.9
Transmutations | 1 |  1.9
Ice Magic      | 1 |  1.9
Air Magic      | 1 |  1.9
Earth Magic    | 1 |  1.9
Poison Magic   | 1 |  1.9
Fighting       | 7 |  7.0
Axes           | 7 |  7.0
Fire Magic     | |  5.8

Action                   |  1- 3 |  4- 6 |  7- 9 || total
-------------------------+-------+-------+-------++-------
Melee: Hand axe          |    42 |    70 |     3 ||   115
       Bite              |     6 |     3 |       ||     9
       Short sword       |    12 |       |       ||    12
       Punch             |     1 |       |       ||     1
       Staff             |       |       |    10 ||    10
 Cast: Scorch            |    16 |    66 |    12 ||    94
  Use: Scroll            |       |     1 |       ||     1
Armor: Robe              |    12 |    11 |     1 ||    24
Dodge: Dodged            |    27 |    30 |     8 ||    65
Block: Other             |     1 |    14 |     4 ||    19
       Reflection        |       |     1 |       ||     1

Table legend: (Time is in decaauts)
 A = Elapsed time spent in this place.
 B = Non-inter-level travel time spent in this place.
 C = Inter-level travel time spent in this place.
 D = Time resting spent in this place.
 E = Time spent auto-exploring this place.
 F = Levels seen in this place.
 G = Mean time per level.
                   A        B        C        D        E       F      G
               +--------+--------+--------+--------+--------+-----+--------+
         Total |   4533 |   4497 |     36 |   1592 |   2062 |   6 |  755.5 |
       Dungeon |   4533 |   4497 |     36 |   1592 |   2062 |   6 |  755.5 |
               +--------+--------+--------+--------+--------+-----+--------+

Top non-repeatable levels by time:
     D:4: 1320 daAuts
     D:3: 1192 daAuts
     D:1: 987 daAuts
     D:5: 781 daAuts
     D:2: 238 daAuts
     D:6: 13 daAuts
